 Dungeon Crawl Stone Soup version 0.30-a0-1094-g860fb061e7 (webtiles) character file.

Game seed: 11299053667881484264

9197 hikkokomori the Fighter (level 11, -7/92 HPs)
             Began as a Barachi Hunter on Apr 18, 2023.
             Was an Elder of Fedhas.
             Killed from afar by a gargoyle (25 damage)
             ... with a stone arrow
             ... on level 11 of the Dungeon.
             The game lasted 00:29:27 (12846 turns).

hikkokomori the Fighter (Barachi Hunter)           Turns: 12846, Time: 00:29:28

Health: -7/92      AC:  8    Str: 16    XL:     11   Next: 42%
Magic:  14/14      EV: 16    Int:  9    God:    Fedhas [****..]
Gold:   452        SH:  0    Dex: 17    Spells: 14/14 levels left

rFire   . . .      SeeInvis .    a - +0 shortbow
rCold   . . .      Faith    .    (shield currently unavailable)
rNeg    . . .      Spirit   .    S - +0 troll leather armour
rPois   .          Reflect  .    e - +0 helmet
rElec   .          Rampage  .    (no cloak)
rCorr   .                        N - +2 pair of gloves
Will    .....                    (no boots)
Stlth   ++++                     (no amulet)
HPRegen 1.15/turn                (no ring)
MPRegen 0.14/turn                (no ring)

@: slow
A: amphibious, slowness 1, strong legs 1, +LOS
a: Hop, Renounce Religion, Wall of Briars, Grow Ballistomycete, Overgrow


You were on level 11 of the Dungeon.
You worshipped Fedhas.
Fedhas was greatly pleased with you.
You visited 3 branches of the dungeon, and saw 14 of its levels.

You collected 632 gold pieces.
You spent 180 gold pieces at shops.

Inventory:

Hand Weapons
 a - a +0 shortbow (weapon)
 d - a +1 dagger of electrocution
Missiles
 E - 41 poisoned darts
 R - 3 curare-tipped darts
Armour
 e - a +0 helmet (worn)
 h - a +1 pair of gloves
 n - +0 steam dragon scales
 s - a +1 leather armour of cold resistance
 C - a +3 leather armour
 K - a +2 kite shield
 N - a +2 pair of gloves (worn)
 S - a +0 troll leather armour (worn)
Jewellery
 w - a ring of protection from fire
 A - a ring of magical power
 B - an amulet of the acrobat
 D - a ring of ice
 I - a +4 ring of protection
 L - a ring of protection from fire
 O - a ring of flight
Wands
 i - a wand of flame (44)
 p - a wand of paralysis (1)
 F - a wand of digging (5)
 G - a wand of iceblast (2)
Scrolls
 f - 6 scrolls of fog
 m - 2 scrolls of summoning
 o - 4 scrolls of teleportation
 q - a scroll of enchant weapon
 r - a scroll of vulnerability
 u - 2 scrolls of amnesia
 v - 4 scrolls of blinking
 y - a scroll of magic mapping
Potions
 b - a potion of ambrosia {unknown}
 c - a potion of heal wounds
 g - 4 potions of attraction {unknown}
 j - a potion of invisibility {unknown}
 k - 8 potions of curing
 l - 5 potions of brilliance
 t - a potion of mutation {unknown}
 x - 3 potions of degeneration {unknown}
 z - a potion of haste {unknown}
 H - a potion of might {unknown}
 J - a potion of lignification {unknown}
 M - a potion of resistance {unknown}
 Q - 2 potions of flight {unknown}


   Skills:
 + Level 10.5 Fighting
 + Level 9.4 Ranged Weapons
 - Level 7.7 Dodging
 - Level 8.1 Stealth
 + Level 2.2 Spellcasting
 + Level 4.3 Invocations
 - Level 4.9 Evocations


You had 14 spell levels left.
You didn't know any spells.
Your spell library contained the following spells:

 Spells                   Type           Power      Damage    Failure   Level
 Gell's Gravitas          Tloc           1%         N/A       77%         3
 Teleport Other           Tloc           1%         N/A       77%         3
 Vhi's Electric Charge    Tloc/Air       2%         N/A       77%         3
 Cause Fear               Hex            0%         N/A       99%         4
 Arcjolt                  Conj/Air       0%         1d10      100%        5
 Dispersal                Tloc           0%         N/A       100%        6
 Plasma Beam              Fire/Air       0%         2x1d11    100%        6
 Dragon Form              Tmut           0%         N/A       100%        7
 Dragon's Call            Summ           0%         N/A       100%        9


Dungeon Overview and Level Annotations

Branches:
Dungeon (11/15)            Temple (1/1) D:4             Orc (2/2) D:10
    Elf (0/3) Orc:2
   Lair: D:8-11

Altars:
Ashenzari
Cheibriados
Dithmenos
Elyvilon
Fedhas
Gozag
Hepliaklqana
Kikubaaqudgha
Makhleb
Nemelex Xobeh
Okawaru
Qazlal
Ru
Sif Muna
Trog
Uskayaw
Vehumet
Wu Jian
Xom
Yredelemnul
Zin
The Shining One

Shops:
D:6 ?   D:8 *   Orc:1 (

Annotations:
D:3 Terence


Innate Abilities, Weirdness & Mutations

You are amphibious.
You cover ground slowly.
You can hop short distances.
You have an extended range of vision and can be seen from far away.


Message History

The arrow hits the gargoyle but does no damage.
The gargoyle hits you with a +0 flail!
You shoot an arrow. The arrow hits the gargoyle.
The gargoyle is moderately damaged.
The gargoyle hits you with a +0 flail.
You shoot an arrow.
The arrow hits the gargoyle but does no damage.
The gargoyle is moderately damaged.
The gargoyle hits you with a +0 flail!
You shoot an arrow. The arrow barely misses the gargoyle.
The gargoyle closely misses you.
You shoot an arrow. The arrow hits the gargoyle.
The gargoyle is moderately damaged.
The gargoyle hits you but does no damage.
You shoot an arrow. The arrow hits the gargoyle.
The gargoyle is heavily damaged.
The gargoyle hits you with a +0 flail.
You shoot an arrow.
The arrow hits the gargoyle but does no damage.
The gargoyle is heavily damaged.
The gargoyle completely misses you.
You shoot an arrow. The arrow closely misses the gargoyle.
The gargoyle hits you with a +0 flail!!
You are too injured to fight recklessly!
You are too injured to fight recklessly!
You are too injured to fight recklessly!
You are too injured to fight recklessly!
Aiming: Paralyse
Press: ? - help, Shift-Dir - straight line, f/p - gargoyle
Aim: a gargoyle, wielding a +0 flail (heavily damaged, chance to affect: 44%)
The gargoyle resists with some effort.
The gargoyle hurls a stone arrow at you.
The stone arrow hits you!
* * * LOW HITPOINT WARNING * * *
As you read the scroll of summoning, it crumbles to dust.
Wisps of shadow whirl around you...
The gargoyle hurls a stone arrow at you.
The stone arrow hits you!!
You die...
Fedhas appreciates your contribution to the ecosystem.

##########
.....>...#
.........#
.....o..o#
......o..#
.....o.KO#
.......9o#
.....^..@+
.........#
#######+##


You could see a gargoyle (ally target), a friendly two-headed ogre (summoned), a
friendly kobold demonologist (summoned), a friendly orc warrior (summoned), a
friendly orc priest (summoned, wandering), a friendly orc wizard (summoned,
wandering) and 2 friendly orcs.

Vanquished Creatures
  2 kobold demonologists (D:10)
  3 trolls
  Sigmund (D:4)
  11 yaks
  A wyvern (D:7)
  Eustachio (D:6)
  A steam dragon (D:9)
  4 vampire mosquitoes
  3 wargs
  An acid dragon (D:9)
  2 water moccasins
  5 orc warriors
  2 ice beasts
  A sky beast (D:7)
  2 black bears (D:6)
  2 ogres
  4 centaurs
  9 kobold brigands
  Blork the orc (D:5)
  2 phantoms (D:5)
  6 bullfrogs
  A gnoll sergeant (D:9)
  4 scorpions
  4 wights (D:9)
  3 killer bees (D:10)
  An electric eel (D:9)
  A crimson imp (D:8)
  5 howler monkeys
  2 hounds (D:6)
  5 orc priests
  5 jellies
  3 gnoll boudas
  14 orc wizards
  4 iguanas
  8 adders
  12 gnolls
  2 shadow imps
  A white imp (D:6)
  An ufetubus (D:6)
  A worm (D:3)
  45 orcs
  2 ball pythons
  5 bats
  5 endoplasms
  6 giant cockroaches
  4 goblins
  5 hobgoblins
  4 jackals (D:4)
  2 quokkas
  31 kobolds
  3 rats (D:2)
253 creatures vanquished.

Vanquished Creatures (others)
  2 orc priests (Orc:1)
  A sleepcap (D:6)
  A gnoll (D:9)
  An orc (Orc:1)
  A ballistomycete spore (D:10)
  14 plants (D:9)
20 creatures vanquished.

Grand Total: 273 creatures vanquished

Notes
Turn   | Place    | Note
-------+----------+-------------------------------------------
     0 | D:1      | hikkokomori the Barachi Hunter began the quest for the Orb.
     0 | D:1      | Reached XP level 1. HP: 17/17 MP: 1/1
    44 | D:1      | Reached skill level 1 in Stealth
   108 | D:1      | Reached XP level 2. HP: 23/23 MP: 2/2
   741 | D:2      | Reached skill level 3 in Fighting
   741 | D:2      | Reached XP level 3. HP: 26/29 MP: 3/3
  1166 | D:3      | Reached XP level 4. HP: 29/35 MP: 4/4
  1362 | D:3      | Noticed Terence
  1362 | D:3      | Noticed a scorpion
  1429 | D:4      | Reached XP level 5. HP: 42/42 MP: 5/5
  1470 | D:4      | Noticed Sigmund
  1482 | D:4      | Killed Sigmund
  1483 | D:4      | Reached skill level 4 in Fighting
  1483 | D:4      | Reached skill level 5 in Ranged Weapons
  1483 | D:4      | Reached XP level 6. HP: 29/49 MP: 6/6
  1691 | D:4      | Found a staircase to the Ecumenical Temple.
  1812 | Temple   | Entered the Ecumenical Temple
  1986 | Temple   | Became a worshipper of Fedhas Madash
  2025 | D:4      | Found an ancient bone altar of Kikubaaqudgha.
  2031 | D:4      | Found a shadowy altar of Dithmenos.
  2263 | D:5      | Entered Level 5 of the Dungeon
  2318 | D:5      | Reached XP level 7. HP: 53/55 MP: 7/7
  2355 | D:5      | Reached skill level 5 in Fighting
  2689 | D:5      | Reached skill level 5 in Dodging
  2948 | D:5      | Noticed Blork the orc
  2962 | D:5      | Killed Blork the orc
  2963 | D:5      | Reached XP level 8. HP: 60/64 MP: 8/8
  3216 | D:5      | Found an iron altar of Okawaru.
  3263 | D:6      | Reached * piety under Fedhas
  3288 | D:5      | Reached skill level 6 in Fighting
  3428 | D:6      | Found Vapneun's Magic Scroll Shop.
  3474 | D:6      | Bought a scroll of magic mapping for 75 gold pieces
  3474 | D:6      | Bought a scroll of teleportation for 30 gold pieces
  3474 | D:6      | Bought a scroll of blinking for 75 gold pieces
  3597 | D:6      | Reached skill level 5 in Stealth
  4323 | D:6      | Noticed Eustachio
  4352 | D:6      | Killed Eustachio
  4421 | D:6      | Reached skill level 7 in Fighting
  4433 | D:6      | Reached XP level 9. HP: 39/72 MP: 9/9
  4597 | D:7      | Reached ** piety under Fedhas
  5308 | D:7      | Reached skill level 8 in Fighting
  6346 | D:8      | Reached *** piety under Fedhas
  6593 | D:8      | Reached skill level 1 in Evocations
  6670 | D:8      | Found Cawud's Mass Market.
  6922 | D:8      | Reached XP level 10. HP: 76/82 MP: 10/10
  6970 | D:8      | Found a hazy altar of Hepliaklqana.
  7232 | D:8      | Reached skill level 1 in Invocations
  7271 | D:8      | Reached skill level 9 in Fighting
  7796 | D:8      | Found a burning altar of Makhleb.
  7798 | D:8      | Found a shimmering altar of Xom.
  8513 | D:9      | Found an opulent altar of Gozag.
  8514 | D:9      | Found a radiant altar of Vehumet.
  9050 | D:9      | Reached **** piety under Fedhas
  9691 | D:9      | Found a white marble altar of Elyvilon.
 10622 | D:10     | Entered Level 10 of the Dungeon
 10633 | D:10     | Found a staircase to the Orcish Mines.
 10821 | D:9      | Reached XP level 11. HP: 72/90 MP: 13/13
 11348 | D:10     | Reached skill level 10 in Fighting
 11519 | D:10     | Noticed a +0 dagger
 11519 | D:10     | Noticed a +0 dagger
 11524 | D:10     | Found a hide-covered altar of Uskayaw.
 11769 | D:10     | Reached skill level 1 in Spellcasting
 11795 | D:10     | Noticed a sun demon
 11926 | Orc:1    | Entered Level 1 of the Orcish Mines
 11926 | Orc:1    | Found Loaz's Antique Weapon Shoppe.
 12058 | Orc:2    | Entered Level 2 of the Orcish Mines
 12063 | Orc:2    | Found a staircase to the Elven Halls.
 12342 | Orc:2    | Noticed an orc high priest
 12846 | D:11     | Killed from afar by a gargoyle

Illustrated notes

Levels and vault maps discovered:
D:1:      dpeg_arrival_rooms_c, layout_basic
D:2:      layout_loops_ring
D:3:      layout_loops_ring, feat_on_display, uniq_terence
D:4:      layout_rooms, mainiacjoe_overflow_big_doors,
          minmay_temple_entry_large_hall, uniq_sigmund
D:5:      layout_loops_cross, kennysheep_mini, uniq_blork_the_orc
D:6:      black_bear_nest_1, layout_loops_ring, serial_shops, shop,
          uniq_eustachio
D:7:      minmay_recursive_quarters, layout_basic
D:8:      layout_cave_pods, grunt_temple_overflow_champion_of_chaos,
          mainiacjoe_overflow_alcove_2, minmay_misc_feat_chi, minmay_shop_mass
D:9:      layout_roguey, mainiacjoe_overflow_divided_tiny,
          nicolae_elyvilon_temple_path, minmay_fractal_squares_diagonal_5
D:10:     layout_basic, dancing_weapons_uskayaw, orc_0_dummy, hex_intersection
D:11:     layout_roguey, erik_lair_dragon
Temple:   hellmonk_temple_flake
Orc:1:    layout_diamond_mine, serial_shops, shop, hangedman_minor_magic
Orc:2:    st_orc_town, layout_caves, minmay_orc_temple_c

Skill      XL: |  1  2  3  4  5  6  7  8  9 10 11 |
---------------+----------------------------------+-----
Stealth        | 1 2 3 4 5 6 8 |  8.1
Fighting       | 3 4 5 7 8 9 10 | 10.5
Dodging        | 3 4 5 6 7 |  7.7
Ranged Weapons | 5 6 7 8 9 |  9.4
Evocations     | 1 4 |  4.9
Invocations    | 3 4 |  4.3
Spellcasting   | 2 |  2.2

Action                     |  1- 3 |  4- 6 |  7- 9 | 10-12 || total
---------------------------+-------+-------+-------+-------++-------
  Melee: Shortbow          |       |       |     5 |     4 ||     9
   Fire: Shortbow          |    97 |   102 |   571 |   778 ||  1548
  Throw: Dart              |       |       |     1 |       ||     1
 Invoke: Wall of Briars    |       |       |       |     2 ||     2
         Grow Ballistomyce |       |       |       |     1 ||     1
Ability: Hop               |       |     1 |     3 |    19 ||    23
  Evoke: Wand              |       |       |     5 |    18 ||    23
    Use: Scroll            |       |     4 |     1 |    12 ||    17
 Armour: Leather armour    |    21 |    12 |   157 |    77 ||   267
         Steam dragon scal |       |       |       |    19 ||    19
         Troll leather arm |       |       |       |    43 ||    43
  Dodge: Dodged            |    41 |    44 |   329 |   481 ||   895

Table legend: (Time is in decaauts)
 A = Elapsed time spent in this place.
 B = Non-inter-level travel time spent in this place.
 C = Inter-level travel time spent in this place.
 D = Time resting spent in this place.
 E = Time spent auto-exploring this place.
 F = Levels seen in this place.
 G = Mean time per level.
                   A        B        C        D        E       F      G
               +--------+--------+--------+--------+--------+-----+--------+
         Total |  14329 |  13793 |    536 |   2282 |   8254 |  14 | 1023.5 |
       Dungeon |  13510 |  12992 |    518 |   2186 |   7890 |  11 | 1228.2 |
        Temple |    224 |    224 |      0 |      0 |    156 |   1 |  224.0 |
  Orcish Mines |    594 |    576 |     18 |     96 |    207 |   2 |  297.0 |
               +--------+--------+--------+--------+--------+-----+--------+

Top non-repeatable levels by time:
     D:9: 3229 daAuts
     D:8: 2227 daAuts
     D:7: 1872 daAuts
     D:6: 1401 daAuts
     D:5: 1235 daAuts
    D:10: 1098 daAuts
     D:4: 765 daAuts
     D:2: 762 daAuts
     D:1: 582 daAuts
   Orc:1: 365 daAuts
     D:3: 318 daAuts
   Orc:2: 228 daAuts
  Temple: 224 daAuts
    D:11: 17 daAuts
